 Dungeon Crawl Stone Soup version 0.17-a0-877-ga10078a (webtiles) character file.

74 FedoraBrony69 the Skirmisher (level 4, 25/37 HPs)
             Began as a Demonspawn Berserker on Apr 30, 2015.
             Was a Believer of Trog.
             Quit the game on level 2 of the Dungeon.
             The game lasted 00:02:01 (1270 turns).

FedoraBrony69 the Skirmisher (Demonspawn Berserker) Turns: 1270, Time: 00:02:02

Health: 25/37      AC:  2    Str: 19    XL:     4   Next: 10%
Magic:  4/4        EV: 12    Int:  8    God:    Trog [**....]
Gold:   46         SH:  0    Dex: 12    Spells: 0 memorised, 3 levels left

rFire  . . .     SeeInvis .     a - +0 mace
rCold  . . .     Clarity  .     b - +0 animal skin
rNeg   . . .     SustAb   .     (no shield)
rPois  .         Gourm    .     (helmet restricted)
rElec  .         Spirit   .     (no cloak)
rCorr  .         Warding  .     (no gloves)
rMut   .         Stasis   .     (no boots)
MR     .....                    (no amulet)
Stlth  ++........               (no ring)
                                (no ring)

@: not resistant to hostile enchantments, unstealthy
A: horns 1, nightstalker 1, spiny 1
a: Burn Spellbooks, Berserk, Trog's Hand, Renounce Religion


You were on level 2 of the Dungeon.
You worshipped Trog.
Trog was pleased with you.
You were not hungry.

You visited 1 branch of the dungeon, and saw 2 of its levels.

You collected 46 gold pieces.

Inventory:

Hand weapons
 a - a +0 mace (weapon)
Armour
 b - a +0 animal skin (worn)
 i - a cursed +0 helmet
Jewellery
 f - an uncursed amulet of stasis {unknown}
Scrolls
 d - a scroll of noise {unknown}
 e - 2 scrolls of identify {unknown}
 k - a scroll of immolation {unknown}
Potions
 g - 2 potions of curing {unknown}
 h - a potion of resistance {unknown}
 j - a potion of magic {unknown}
Comestibles
 c - 3 bread rations
 l - 3 chunks of flesh


   Skills:
 + Level 4.1 Fighting
 + Level 3.6 Maces & Flails
 - Level 1.7 Armour
 - Level 1.7 Dodging


You had 3 spell levels left.
You didn't know any spells.

Dungeon Overview and Level Annotations

Branches:
Dungeon (2/15)

Altars:


Innate Abilities, Weirdness & Mutations

You have a pair of small horns on your head.
You are slightly more attuned to the shadows.
You are partially covered in sharp spines.


Message History

The adder is almost dead.
The adder barely misses you. The rat bites you.
You hit the adder.
You kill the adder!
Trog accepts your kill.
You have reached level 4!
You feel stronger.
Your demonic ancestry asserts itself...
Sharp spines emerge from parts of your body.
The rat bites you but does no damage.
You thump the rat!
You kill the rat!
Trog accepts your kill.
No target in view!
No target in view!
No target in view!
You see here an adder corpse.
You butcher the adder corpse.
l - 3 chunks of flesh (gained 2)
You see here an adder skeleton.
Are you sure you want to abandon this character and quit the game? (Confirm with "yes".)

..###...#### ...#...#..
..# #...# #..
.#.###.#... ..###...#
..#.... .#...#......
........#
#...#.#........#.....#
........#
...........#......)..#
........#
#.........#####...#.###
.....++##
#...........#.......#
.....
#.......#.......#####
..... #....†@.#(..#...#
.... ######..##.#....#
.... ######..#.......#
.## .........#......##
.. ...............#
...............#
..............#
+###..........#
............#


There were no monsters in sight!

Vanquished Creatures
  4 adders (D:2)
  A worm (D:2)
  3 giant geckos
  9 hobgoblins
  5 bats
  A giant newt (D:2)
  6 goblins
  2 kobolds
  5 rats
36 creatures vanquished.

Notes
Turn   | Place    | Note
--------------------------------------------------------------
     0 | D:1      | FedoraBrony69, the Demonspawn Berserker, began the quest for the Orb.
     0 | D:1      | Reached XP level 1. HP: 18/18 MP: 1/1
    96 | D:1      | Gained mutation: You have a pair of small horns on your head. [demonic ancestry]
    96 | D:1      | Reached XP level 2. HP: 18/24 MP: 2/2
   798 | D:2      | Gained mutation: You are slightly more attuned to the shadows. [demonic ancestry]
   798 | D:2      | Reached XP level 3. HP: 26/30 MP: 3/3
  1055 | D:2      | Reached skill level 4 in Fighting
  1221 | D:2      | Acquired Trog's second power
  1265 | D:2      | Gained mutation: You are partially covered in sharp spines. [demonic ancestry]
  1265 | D:2      | Reached XP level 4. HP: 24/37 MP: 4/4
  1270 | D:2      | Quit the game

Action                   |  1- 3 |  4- 6 || total
-------------------------+-------+-------++-------
Melee: Mace              |    86 |     1 ||    87
Invok: Berserk           |     1 |       ||     1
 Stab: Sleeping          |     1 |       ||     1
  Eat: Chunk             |     2 |       ||     2
